General information
- name: BNet
- type: Ladder team game (AT/RT)
- host: Battle.net
- saver: winners
map: Feralas_LV
- players: 8
- length: 42:50
- speed: Fast
- version: 1.29 W3XP
- replay type: Public
» download(409 KB)
Players
team 1 (loser)
WGhost (
blue | 97 APM | 2956 actions | 30:27)
6 Death Knight
3 Death Coil
3 Unholy Aura
5 Lich
3 Frost Nova
2 Frost Armor
3 Dreadlord
1 Sleep
2 Carrion Swarm
» actions
| Assign group hotkey | 27 | |
| Basic commands | 190 | |
| Build / train | 98 | |
| ESC pressed | 2 | |
| Enter build submenu | 30 | |
| Enter hero's abilities submenu | 14 | |
| Give item / drop item | 8 | |
| Right click | 1294 | |
| Select / deselect | 359 | |
| Select group hotkey | 788 | |
| Use ability | 146 | |
2956 total
» units
| Acolyte | 15 | |
| Ghoul | 3 | |
| Crypt Fiend | 4 | |
| Forest Troll Shadow Priest | 2 | |
| Frost Wyrm | 8 | |
32 total
» upgrades
| Creature Attack | 3 | |
| Creature Carapace | 3 | |
| Web | 1 | |
| Freezing Breath | 1 | |
8 total
» buildings
| Graveyard | 1 | |
| Crypt | 2 | |
| Ziggurat | 8 | |
| Altar of Darkness | 1 | |
| Tomb of Relics | 2 | |
| Nerubian Tower | 2 | |
| Halls of the Dead | 2 | |
| Necropolis | 3 | |
| Black Citadel | 2 | |
| Sacrificial Pit | 1 | |
| Spirit Tower | 7 | |
| Boneyard | 2 | |
33 total
» build order
00:07 Graveyard
00:09 Crypt
00:46 Ziggurat
00:55 Altar of Darkness
01:52 Tomb of Relics
02:08 Ziggurat
03:16 Nerubian Tower
03:16 Nerubian Tower
03:56 Halls of the Dead
03:56 Halls of the Dead
04:34 Ziggurat
05:13 Necropolis
07:36 Black Citadel
07:36 Black Citadel
08:13 Sacrificial Pit
08:52 Ziggurat
09:36 Ziggurat
09:37 Ziggurat
09:39 Ziggurat
09:40 Ziggurat
09:41 Tomb of Relics
09:43 Crypt
09:58 Spirit Tower
09:58 Spirit Tower
10:01 Boneyard
10:02 Boneyard
10:29 Spirit Tower
10:29 Spirit Tower
16:00 Necropolis
17:10 Necropolis
24:03 Spirit Tower
24:54 Spirit Tower
24:54 Spirit Tower
» items
| Rod of Necromancy | 3 | |
| Sacrificial Skull | 1 | |
| Potion of Healing | 3 | |
| Dust of Appearance | 1 | |
| Potion of Mana | 4 | |
| Orb of Corruption | 1 | |
| Scroll of Town Portal | 5 | |
| Scroll of Healing | 3 | |
| Potion of Lesser Invulnerability | 1 | |
22 total

»
practiceok (
teal | 73 APM | 3133 actions | 42:40)
8 Dark Ranger
3 Black Arrow
3 Silence
1 Charm
1 Life Drain
4 Pandaren Brewmaster
2 Breath of Fire
2 Drunken Haze
» actions
| Assign group hotkey | 575 | |
| Basic commands | 114 | |
| Build / train | 98 | |
| ESC pressed | 1 | |
| Enter build submenu | 26 | |
| Enter hero's abilities submenu | 12 | |
| Right click | 1225 | |
| Select / deselect | 533 | |
| Select group hotkey | 444 | |
| Use ability | 103 | |
3133 total
» units
| Wisp | 26 | |
| Archer | 17 | |
| Forest Troll Berserker | 5 | |
| Forest Troll Shadow Priest | 5 | |
| Dryad | 7 | |
| Druid of the Talon | 8 | |
| Ogre Mauler | 2 | |
70 total
» upgrades
| Strength of the Moon | 2 | |
| Abolish Magic | 1 | |
| Druid of the Claw Training | 2 | |
| Improved Bows | 1 | |
| Marksmanship | 1 | |
| Druid of the Talon Training | 2 | |
| Strength of the Wild | 1 | |
10 total
» buildings
| Ancient of War | 1 | |
| Moon Well | 6 | |
| Altar of Elders | 1 | |
| Tree of Life | 5 | |
| Tree of Ages | 1 | |
| Hunter's Hall | 1 | |
| Ancient of Wonders | 1 | |
| Ancient of Lore | 2 | |
| Ancient of Wind | 1 | |
| Tree of Eternity | 1 | |
| Chimaera Roost | 3 | |
23 total
» build order
00:12 Ancient of War
00:19 Moon Well
01:03 Altar of Elders
01:31 Moon Well
02:54 Moon Well
03:22 Tree of Life
03:38 Tree of Life
04:21 Tree of Ages
05:16 Hunter's Hall
05:18 Ancient of Wonders
06:36 Moon Well
08:27 Ancient of Lore
08:28 Ancient of Lore
08:34 Ancient of Wind
13:51 Moon Well
13:52 Moon Well
15:18 Tree of Eternity
19:27 Chimaera Roost
19:27 Chimaera Roost
19:30 Chimaera Roost
21:21 Tree of Life
22:51 Tree of Life
23:02 Tree of Life
» items
scumofthegalaxy (
pink | 87 APM | 3712 actions | 42:49)
7 Blademaster
3 Wind Walk
3 Critical Strike
1 Bladestorm
» actions
| Assign group hotkey | 65 | |
| Basic commands | 326 | |
| Build / train | 81 | |
| Enter build submenu | 57 | |
| Enter hero's abilities submenu | 7 | |
| Give item / drop item | 26 | |
| Remove unit from queue | 2 | |
| Right click | 1619 | |
| Select / deselect | 434 | |
| Select group hotkey | 939 | |
| Use ability | 156 | |
3712 total
» units
| Peon | 20 | |
| Grunt | 6 | |
| Demolisher | 5 | |
| Wind Rider | 6 | |
37 total
» upgrades
| Reinforced Defenses | 1 | |
| Ranged Weapons | 3 | |
| Armor | 3 | |
| Burning Oil | 1 | |
| Envenomed Spears | 1 | |
9 total
» buildings
| Orc Burrow | 8 | |
| Altar of Storms | 1 | |
| Barracks | 1 | |
| Voodoo Lounge | 3 | |
| Stronghold | 1 | |
| War Mill | 1 | |
| Great Hall | 4 | |
| Watch Tower | 33 | |
| Fortress | 1 | |
| Beastiary | 5 | |
58 total
» build order
00:14 Orc Burrow
01:03 Altar of Storms
01:05 Barracks
01:11 Orc Burrow
01:38 Voodoo Lounge
02:50 Stronghold
03:53 War Mill
04:57 Great Hall
05:00 Orc Burrow
05:56 Watch Tower
05:56 Watch Tower
05:56 Watch Tower
06:32 Watch Tower
07:21 Fortress
07:55 Voodoo Lounge
10:56 Watch Tower
10:56 Watch Tower
10:57 Watch Tower
10:57 Watch Tower
10:57 Watch Tower
12:03 Watch Tower
12:03 Watch Tower
12:04 Watch Tower
12:04 Watch Tower
12:05 Watch Tower
14:50 Watch Tower
14:50 Watch Tower
14:50 Watch Tower
14:51 Watch Tower
14:51 Watch Tower
15:58 Great Hall
16:02 Watch Tower
16:04 Watch Tower
16:04 Watch Tower
16:05 Watch Tower
16:10 Voodoo Lounge
18:31 Beastiary
18:31 Beastiary
18:32 Beastiary
18:33 Beastiary
18:36 Orc Burrow
18:38 Orc Burrow
18:39 Orc Burrow
19:21 Beastiary
19:24 Orc Burrow
19:26 Orc Burrow
21:14 Watch Tower
23:16 Watch Tower
23:16 Watch Tower
23:16 Watch Tower
23:17 Watch Tower
23:17 Watch Tower
23:24 Great Hall
25:47 Great Hall
26:18 Watch Tower
26:18 Watch Tower
26:18 Watch Tower
26:19 Watch Tower
» items
| Healing Salve | 7 | |
| Lesser Clarity Potion | 4 | |
| Periapt of Vitality | 1 | |
| Staff of Teleportation | 1 | |
| Potion of Mana | 3 | |
| Orb of Lightning | 1 | |
| Potion of Healing | 3 | |
| Scroll of Town Portal | 1 | |
| Potion of Lesser Invulnerability | 1 | |
| Scroll of Protection | 1 | |
23 total
M.isanthropist (
green | 42 APM | 1492 actions | 35:33)
2 Crypt Lord
1 Carrion Beetles
1 Impale
1 Dreadlord
1 Carrion Swarm
1 Death Knight
1 Unholy Aura
» actions
| Basic commands | 13 | |
| Build / train | 86 | |
| Enter build submenu | 21 | |
| Enter hero's abilities submenu | 6 | |
| Give item / drop item | 2 | |
| Right click | 1022 | |
| Select / deselect | 268 | |
| Use ability | 74 | |
1492 total
» units
| Acolyte | 6 | |
| Ghoul | 8 | |
| Meatwagon | 6 | |
| Necromancer | 17 | |
| Banshee | 8 | |
45 total
» upgrades
| Unholy Armor | 3 | |
| Unholy Strength | 3 | |
| Exhume Corpses | 1 | |
| Necromancer Training | 2 | |
| Skeletal Longevity | 1 | |
| Skeletal Mastery | 1 | |
| Banshee Training | 2 | |
13 total
» buildings
| Crypt | 2 | |
| Graveyard | 1 | |
| Tomb of Relics | 1 | |
| Altar of Darkness | 1 | |
| Ziggurat | 8 | |
| Nerubian Tower | 1 | |
| Spirit Tower | 7 | |
| Halls of the Dead | 2 | |
| Black Citadel | 1 | |
| Temple of the Damned | 2 | |
| Slaughterhouse | 1 | |
| Necropolis | 1 | |
28 total
» build order
00:14 Crypt
00:19 Crypt
01:05 Graveyard
01:11 Tomb of Relics
01:27 Altar of Darkness
01:40 Ziggurat
02:14 Ziggurat
02:54 Ziggurat
03:01 Nerubian Tower
03:06 Ziggurat
03:20 Ziggurat
03:46 Spirit Tower
03:58 Spirit Tower
04:19 Spirit Tower
05:08 Spirit Tower
05:08 Spirit Tower
05:43 Halls of the Dead
05:43 Halls of the Dead
10:18 Black Citadel
10:31 Temple of the Damned
10:46 Slaughterhouse
11:00 Temple of the Damned
11:24 Ziggurat
11:37 Ziggurat
11:58 Ziggurat
12:34 Spirit Tower
13:24 Spirit Tower
25:01 Necropolis
» items
| Potion of Healing | 2 | |
| Potion of Mana | 2 | |
| Orb of Corruption | 1 | |
5 total
team 2 (winner)

»
xb20tegzzx (
yellow | 66 APM | 1171 actions | 17:42)
4 Paladin
2 Holy Light
2 Divine Shield
» actions
| Assign group hotkey | 25 | |
| Build / train | 53 | |
| Enter build submenu | 20 | |
| Enter hero's abilities submenu | 4 | |
| Remove unit from queue | 2 | |
| Right click | 529 | |
| Select / deselect | 162 | |
| Select group hotkey | 328 | |
| Use ability | 48 | |
1171 total
» units
| Peasant | 11 | |
| Rifleman | 23 | |
| Mortar Team | 4 | |
38 total
» upgrades
| Armor | 2 | |
| Gunpowder | 2 | |
| Long Rifles | 1 | |
5 total
» buildings
| Altar of Kings | 1 | |
| Farm | 11 | |
| Blacksmith | 1 | |
| Barracks | 2 | |
| Lumber Mill | 1 | |
| Scout Tower | 2 | |
| Guard Tower | 2 | |
| Keep | 1 | |
| Workshop | 1 | |
22 total
» build order
00:20 Altar of Kings
00:39 Farm
01:21 Farm
02:04 Farm
02:11 Blacksmith
02:24 Barracks
02:34 Barracks
02:45 Farm
03:13 Lumber Mill
03:21 Farm
03:59 Farm
04:41 Scout Tower
05:11 Guard Tower
05:33 Farm
06:13 Farm
07:29 Farm
08:07 Scout Tower
08:14 Keep
08:54 Farm
08:56 Guard Tower
11:09 Farm
12:00 Workshop

»
CordellWalker (
purple | 46 APM | 860 actions | 18:39)
3 Demon Hunter
2 Evasion
1 Mana Burn
» actions
| Assign group hotkey | 8 | |
| Basic commands | 65 | |
| Build / train | 61 | |
| ESC pressed | 8 | |
| Enter build submenu | 14 | |
| Enter hero's abilities submenu | 3 | |
| Give item / drop item | 1 | |
| Right click | 361 | |
| Select / deselect | 286 | |
| Select group hotkey | 10 | |
| Use ability | 43 | |
860 total
» units
| Wisp | 17 | |
| Archer | 9 | |
| Huntress | 3 | |
| Mud Golem | 1 | |
| Ogre Mauler | 1 | |
| Dryad | 10 | |
| Mountain Giant | 2 | |
| Glaive Thrower | 2 | |
| Druid of the Talon | 2 | |
| Hippogryph | 1 | |
48 total
» upgrades
| Strength of the Wild | 1 | |
| Reinforced Hides | 1 | |
| Abolish Magic | 1 | |
3 total
» buildings
| Altar of Elders | 1 | |
| Moon Well | 3 | |
| Ancient of War | 1 | |
| Tree of Ages | 1 | |
| Hunter's Hall | 1 | |
| Ancient of Wonders | 1 | |
| Ancient of Lore | 2 | |
| Tree of Life | 1 | |
| Ancient of Wind | 1 | |
12 total
» build order
01:49 Altar of Elders
01:52 Moon Well
02:07 Ancient of War
03:20 Moon Well
05:57 Tree of Ages
06:45 Hunter's Hall
06:47 Moon Well
07:56 Ancient of Wonders
08:25 Ancient of Lore
08:30 Ancient of Lore
10:37 Tree of Life
15:05 Ancient of Wind
» items
| Boots of Speed | 1 | |
| Periapt of Vitality | 1 | |
| Scroll of Town Portal | 1 | |
| Lesser Clarity Potion | 1 | |
| Dust of Appearance | 1 | |
5 total
chadbigc0ck (
orange | 45 APM | 968 actions | 21:28)
4 Blademaster
2 Critical Strike
2 Wind Walk
» actions
| Basic commands | 59 | |
| Build / train | 54 | |
| Enter build submenu | 23 | |
| Enter hero's abilities submenu | 4 | |
| Give item / drop item | 1 | |
| Remove unit from queue | 3 | |
| Right click | 517 | |
| Select / deselect | 243 | |
| Use ability | 64 | |
968 total
» units
» upgrades
| Melee Weapons | 3 | |
| Armor | 2 | |
| Reinforced Defenses | 1 | |
| Pulverize | 1 | |
7 total
» buildings
| Altar of Storms | 1 | |
| Orc Burrow | 5 | |
| War Mill | 1 | |
| Voodoo Lounge | 1 | |
| Barracks | 2 | |
| Great Hall | 2 | |
| Watch Tower | 18 | |
| Stronghold | 1 | |
| Fortress | 1 | |
| Tauren Totem | 2 | |
| Spirit Lodge | 2 | |
36 total
» build order
00:23 Altar of Storms
00:37 Orc Burrow
00:52 Orc Burrow
01:13 War Mill
01:55 Voodoo Lounge
02:06 Barracks
02:33 Barracks
02:39 Orc Burrow
04:14 Orc Burrow
06:16 Great Hall
06:19 Watch Tower
06:20 Watch Tower
06:22 Watch Tower
07:58 Watch Tower
08:00 Watch Tower
08:02 Watch Tower
08:04 Watch Tower
08:05 Watch Tower
08:55 Stronghold
09:17 Watch Tower
09:18 Watch Tower
09:19 Watch Tower
09:21 Watch Tower
09:22 Watch Tower
09:22 Watch Tower
09:25 Watch Tower
11:28 Watch Tower
11:34 Watch Tower
12:18 Fortress
12:35 Great Hall
12:54 Watch Tower
13:03 Orc Burrow
14:56 Tauren Totem
15:01 Tauren Totem
19:17 Spirit Lodge
19:20 Spirit Lodge
» items
| Healing Salve | 3 | |
| Scroll of Speed | 1 | |
| Orb of Lightning | 1 | |
5 total
winners (
red | 137 APM | 5858 actions | 42:50)
7 Archmage
3 Summon Water Elemental
3 Brilliance Aura
1 Mass Teleport
7 Mountain King
3 Storm Bolt
3 Bash
1 Avatar
» actions
| Assign group hotkey | 106 | |
| Basic commands | 267 | |
| Build / train | 201 | |
| ESC pressed | 4 | |
| Enter build submenu | 51 | |
| Enter hero's abilities submenu | 15 | |
| Give item / drop item | 8 | |
| Remove unit from queue | 2 | |
| Right click | 1670 | |
| Select / deselect | 1048 | |
| Select group hotkey | 2112 | |
| Use ability | 374 | |
5858 total
» units
| Peasant | 18 | |
| Footman | 3 | |
| Rifleman | 23 | |
| Priest | 10 | |
| Mortar Team | 3 | |
| Sorceress | 5 | |
| Spell Breaker | 5 | |
| Flying Machine | 1 | |
| Wisp | 5 | |
| Siege Engine | 1 | |
74 total
» upgrades
| Gunpowder | 3 | |
| Priest Training | 2 | |
| Long Rifles | 1 | |
| Armor | 3 | |
| Sorceress Training | 2 | |
| Masonry | 3 | |
| Fragmentation Shards | 1 | |
| Animal War Training | 1 | |
| Flare | 1 | |
| Barrage | 1 | |
| Plating | 3 | |
| Swords | 3 | |
| Control Magic | 1 | |
| Magic Sentry | 1 | |
| Flak Cannons | 1 | |
| Well Spring | 1 | |
| Lumber Harvesting | 1 | |
| Nature's Blessing | 1 | |
30 total
» buildings
| Altar of Kings | 1 | |
| Barracks | 1 | |
| Farm | 11 | |
| Blacksmith | 1 | |
| Arcane Vault | 1 | |
| Keep | 2 | |
| Town Hall | 4 | |
| Scout Tower | 15 | |
| Arcane Tower | 8 | |
| Arcane Sanctum | 2 | |
| Lumber Mill | 1 | |
| Guard Tower | 19 | |
| Castle | 2 | |
| Workshop | 1 | |
| Tree of Eternity | 2 | |
| Moon Well | 6 | |
| Ancient of Wonders | 1 | |
78 total
» build order
00:55 Altar of Kings
00:56 Barracks
01:01 Farm
01:04 Farm
01:10 Farm
01:47 Farm
02:18 Farm
02:25 Blacksmith
03:02 Arcane Vault
03:56 Keep
03:56 Keep
04:30 Town Hall
04:32 Scout Tower
05:15 Arcane Tower
06:55 Arcane Sanctum
07:37 Arcane Sanctum
07:46 Farm
09:05 Scout Tower
09:06 Scout Tower
09:27 Farm
09:32 Arcane Tower
09:32 Arcane Tower
09:36 Arcane Tower
09:36 Arcane Tower
10:34 Town Hall
10:40 Scout Tower
11:57 Lumber Mill
12:41 Guard Tower
12:41 Guard Tower
13:08 Scout Tower
13:28 Castle
13:28 Castle
13:39 Guard Tower
13:39 Guard Tower
15:11 Farm
15:12 Farm
15:14 Workshop
16:04 Guard Tower
16:05 Guard Tower
17:49 Farm
19:23 Farm
20:24 Guard Tower
31:32 Town Hall
31:34 Scout Tower
31:35 Scout Tower
31:39 Scout Tower
33:50 Arcane Tower
33:51 Guard Tower
33:51 Guard Tower
35:17 Tree of Eternity
35:17 Tree of Eternity
35:31 Town Hall
35:35 Scout Tower
35:36 Scout Tower
35:38 Scout Tower
35:40 Scout Tower
35:42 Scout Tower
35:43 Scout Tower
35:47 Scout Tower
36:13 Guard Tower
36:14 Guard Tower
36:34 Guard Tower
36:34 Guard Tower
36:34 Arcane Tower
36:34 Arcane Tower
36:35 Guard Tower
36:35 Guard Tower
37:20 Guard Tower
37:21 Guard Tower
37:21 Guard Tower
37:21 Guard Tower
39:04 Moon Well
39:11 Moon Well
39:19 Ancient of Wonders
39:42 Moon Well
39:46 Moon Well
40:28 Moon Well
40:31 Moon Well
» items
| Scroll of Regeneration | 5 | |
| Mechanical Critter | 4 | |
| Potion of Healing | 2 | |
| Ivory Tower | 4 | |
| Scroll of Protection | 1 | |
| Potion of Lesser Invulnerability | 1 | |
| Boots of Speed | 1 | |
| Orb of Fire | 1 | |
| Staff of Sanctuary | 1 | |
| Anti-magic Potion | 1 | |
| Orb of Venom | 1 | |
22 total
Chat log
(01:41 / Allies) CordellWalker: jere
(01:45 / Allies) xb20tegzzx: fuck
(01:55 / Allies) CordellWalker: all g
(03:47 / Allies) CordellWalker: loll
(03:50 / Allies) CordellWalker: what is happening
(06:28 / Allies) xb20tegzzx: tp?
(06:32 / Allies) winners: need help
(06:35 / Allies) xb20tegzzx: k
(08:27 / Allies) xb20tegzzx: omw
(09:33 / Allies) xb20tegzzx: wtf
(09:51 / Allies) CordellWalker: i need to expo
(09:55 / Allies) winners: same
(09:57 / Allies) winners: we gotta keep this elf at bay
(10:56 / Allies) winners: purp
(13:41 / Allies) CordellWalker: no1?
(13:46 / Allies) CordellWalker: nm
(13:48 / Allies) CordellWalker: sorry red
(13:49 / Allies) CordellWalker: didnt see
(14:42 / Allies) xb20tegzzx: ty
(14:56 / Allies) CordellWalker: nm
(15:16 / Allies) CordellWalker: lmbr plz
(15:34 / Allies) CordellWalker: towers
(15:39 / All) CordellWalker: damn u pinker
(16:31 / Allies) CordellWalker: i got glaives comin
(17:13 / All) xb20tegzzx: wow
(17:15 / Allies) winners: all tp?
(17:19 / Allies) winners: not sure we can take that
(17:20 / Allies) winners: may be bad idea
(17:29 / Allies) xb20tegzzx: later
(18:03 / Allies) chadbigc0ck: lumb pls
(18:22 / All) scumofthegalaxy: okay
(18:24 / All) scumofthegalaxy: you can have
(19:54 / All) practiceok: sorry about chad
(27:03 / All) scumofthegalaxy: I WANT UR LOVIN AND I WANT UR REVENGE U AND ME CAN WRITE A BAD ROMANCE
(27:42 / All) scumofthegalaxy: Blue is powerless to stop the advance of my mighty force!
(28:58 / All) scumofthegalaxy: NOW YOU PAY!!!!!!!!!!!!!!!!!!!!!
(31:14 / All) winners: thanx for easy win 1v4
(33:15 / All) scumofthegalaxy: lol
(37:24 / All) scumofthegalaxy: Teal really wants this win!
(38:03 / All) scumofthegalaxy: wow
(38:08 / All) scumofthegalaxy: that's like 3 gloves of haste
(38:12 / All) scumofthegalaxy: frenzy
(40:42 / All) scumofthegalaxy: Better say your piece teal, no loitering in this game, no we have more records to ruin
(40:56 / All) practiceok: ?
(41:02 / All) winners: give me my win
(41:04 / All) scumofthegalaxy: Win repo'd, ma'am
(41:04 / All) winners: stop wasting my time
(41:05 / All) practiceok: ur just mad i called you out cause you had 5k gold and werent doing anything
(41:06 / All) practiceok: lol
(41:12 / All) practiceok: lolol
(41:14 / All) practiceok: funny shit
(41:14 / All) winners: Teal mad cuz he bad
(41:15 / All) scumofthegalaxy: Think htat's it?
(41:15 / All) practiceok: the fact
(41:17 / All) practiceok: Youd stupid
(41:20 / All) practiceok: this much time
(41:26 / All) practiceok: is sad
(41:31 / All) scumofthegalaxy: next time you better respect my advanced strategies
(41:33 / All) scumofthegalaxy: OR ELSE
(41:39 / All) practiceok: you did nothing
(41:40 / All) practiceok: all game
(41:41 / All) practiceok: Lol
(41:44 / All) scumofthegalaxy: I did plenty, son
(41:44 / All) winners: gg noob
(41:45 / All) practiceok: then you got upset
(41:46 / All) winners: raped
(41:49 / All) practiceok: then tk'd
(41:50 / All) scumofthegalaxy: I had purple pinned in his base
(41:50 / All) practiceok: lol
(41:53 / All) practiceok: dude
(41:54 / All) practiceok: YOu did
(41:55 / All) scumofthegalaxy: but I let him off the hook, but he left anyway
(41:56 / All) practiceok: nothing.
(41:57 / All) practiceok: literally
(41:59 / All) practiceok: nothing.
(42:03 / All) practiceok: lol
(42:05 / All) practiceok: and red
(42:06 / All) winners: says the dude with 0 units and a loss
(42:06 / All) practiceok: i raped you
(42:07 / All) winners: lol!
(42:08 / All) practiceok: rofl
(42:11 / All) scumofthegalaxy: You weren't needed, Tojara decided to watch you louse up the situation
(42:12 / All) practiceok: remmber
(42:13 / All) winners: you did nothing all game
(42:14 / All) practiceok: 2 had to tp
(42:15 / All) practiceok: to ur base
(42:16 / All) winners: don't even remember you playing
(42:16 / All) practiceok: LOL
(42:27 / All) practiceok: but was fun to watch
(42:29 / All) practiceok: sad though
(42:30 / All) winners: were you in this game?
(42:31 / All) practiceok: lol
(42:32 / All) scumofthegalaxy: Teal is already under 50%
(42:33 / All) winners: can't recall
(42:34 / All) scumofthegalaxy: !
(42:36 / All) winners: Forgot what you did already
(42:39 / All) practiceok: LOL
(42:46 / All) scumofthegalaxy: Give this fella a loss
(42:46 / All) winners: he was mad as fuck